TOP OF THE 1ST |
Wisconsin Rapids Timber Rattlers batting - Pitching for Appleton Foxes : RHP David Froelich
|
Pitching: RHP David Froelich
|
|
Batting: RHB Tim Pyznarski
|
0-0: DOUBLE (Line Drive, 78D, EV 101.3 MPH)
|
Batting: RHB Jim Presley
|
0-0: Ball 1-0: Ball 2-0: DOUBLE (Line Drive, 3D, EV 101.3 MPH) Tim Pyznarski scores
|
Batting: LHB Dion James
|
0-0: Ball 1-0: Ball 2-0: Foul Ball, location: 2F 2-1: Foul Ball, location: 2F 2-2: Ground out 3-1 (Groundball, 34, EV 83.8 MPH) Jim Presley to third
|
Batting: LHB Greg Smith
|
0-0: Called Strike 0-1: Ball 1-1: Ground out 3-1 (Groundball, 34, EV 110.0 MPH) Jim Presley scores
|
Batting: RHB Barbaro Garbey
|
0-0: Ball 1-0: DOUBLE (Line Drive, 7LS, EV 86.9 MPH)
|
Batting: LHB Matt Hall
|
0-0: Foul Ball, location: 2F 0-1: Ball 1-1: Foul Ball, location: 2F 1-2: Strikes out swinging
|
Top of the 1st over - 2 runs, 3 hits, 0 errors, 1 left on base; Wisconsin Rapids 2 - Appleton 0 |
BOTTOM OF THE 1ST |
Appleton Foxes batting - Pitching for Wisconsin Rapids Timber Rattlers : RHP Roger McDowell
|
Pitching: RHP Roger McDowell
|
|
Batting: LHB Mike Woodard
|
0-0: Called Strike 0-1: Fly out, F7 (Flyball, 7, EV 95.6 MPH)
|
Batting: SHB Matt Gallegos
|
0-0: SINGLE (Line Drive, 34, EV 98.8 MPH)
|
Batting: RHB Randy Asadoor
|
0-0: Ball 1-0: Called Strike 1-1: Called Strike 1-2: Grounds into double play, 6-4-3 (Groundball, 6, EV 105.0 MPH)
|
Bottom of the 1st over - 0 runs, 1 hit, 0 errors, 0 left on base; Wisconsin Rapids 2 - Appleton 0 |
TOP OF THE 2ND |
Wisconsin Rapids Timber Rattlers batting - Pitching for Appleton Foxes : RHP David Froelich
|
Batting: RHB Darryl Motley
|
0-0: Called Strike 0-1: Ball 1-1: Ball 2-1: Swinging Strike 2-2: Strikes out looking
|
Batting: RHB Al Pedrique
|
0-0: Foul Ball, location: 2F 0-1: Foul Ball, location: 2F 0-2: Ball 1-2: Ball 2-2: Ground out 6-3 (Groundball, 56, EV 81.9 MPH)
|
Batting: RHB Phil Lombardi
|
0-0: Foul Ball, location: 2F 0-1: Ball 1-1: Ball 2-1: Fly out, F2 (Popup, 23F, EV 78.8 MPH)
|
Top of the 2nd over - 0 runs, 0 hits, 0 errors, 0 left on base; Wisconsin Rapids 2 - Appleton 0 |
BOTTOM OF THE 2ND |
Appleton Foxes batting - Pitching for Wisconsin Rapids Timber Rattlers : RHP Roger McDowell
|
Batting: RHB George Hinshaw
|
0-0: Fly out, F8 (Line Drive, 8RM, EV 93.1 MPH)
|
Batting: RHB Victor Mata
|
0-0: Swinging Strike 0-1: Ball 1-1: Ball 2-1: Ball 3-1: Base on Balls
|
Batting: LHB John Csefalvay
|
0-0: Called Strike 0-1: Fielders Choice at 2nd, 6-4 (Groundball, 56, EV 88.8 MPH)
|
Batting: RHB Howard Lopes
|
0-0: Ball John Csefalvay steals 2nd base 1-0: Called Strike 1-1: Ball 2-1: Ground out 6-3 (Groundball, 6M, EV 82.5 MPH)
|
Bottom of the 2nd over - 0 runs, 0 hits, 0 errors, 1 left on base; Wisconsin Rapids 2 - Appleton 0 |
TOP OF THE 3RD |
Wisconsin Rapids Timber Rattlers batting - Pitching for Appleton Foxes : RHP David Froelich
|
Batting: RHB Tim Pyznarski
|
0-0: Ball 1-0: Called Strike 1-1: Swinging Strike 1-2: Ball 2-2: SINGLE (Line Drive, 4M, EV 95.0 MPH)
|
Batting: RHB Jim Presley
|
0-0: Called Strike 0-1: Fly out, F8 (Flyball, 8RS, EV 89.4 MPH)
|
Batting: LHB Dion James
|
0-0: Called Strike Tim Pyznarski is caught stealing 2nd base 2-6 0-1: Foul Ball, location: 2F 0-2: Ball 1-2: Ball 2-2: Foul Ball, location: 2F 2-2: Ball 3-2: Foul Ball, location: 2F 3-2: Fly out, F9 (Flyball, 9LM, EV 90.6 MPH)
|
Top of the 3rd over - 0 runs, 1 hit, 0 errors, 0 left on base; Wisconsin Rapids 2 - Appleton 0 |
BOTTOM OF THE 3RD |
Appleton Foxes batting - Pitching for Wisconsin Rapids Timber Rattlers : RHP Roger McDowell
|
Batting: RHB Mike Nipper
|
0-0: Swinging Strike 0-1: Swinging Strike 0-2: Ground out 5-3 (Groundball, 56S, EV 66.3 MPH)
|
Batting: RHB Philip Sutton
|
0-0: Ball 1-0: Ball 2-0: Ball 3-0: Called Strike 3-1: Foul Ball, location: 2F 3-2: Foul Ball, location: 2F 3-2: Base on Balls
|
Batting: LHB Mike Woodard
|
0-0: Ball 1-0: Called Strike 1-1: Ball 2-1: Ball 3-1: Ground out 5-3 (Groundball, 5S, EV 66.9 MPH) Philip Sutton to second
|
Batting: SHB Matt Gallegos
|
0-0: Foul Ball, location: 2F 0-1: Ball 1-1: Ball 2-1: Swinging Strike 2-2: Ground out 5-3 (Groundball, 56, EV 87.5 MPH)
|
Bottom of the 3rd over - 0 runs, 0 hits, 0 errors, 1 left on base; Wisconsin Rapids 2 - Appleton 0 |
TOP OF THE 4TH |
Wisconsin Rapids Timber Rattlers batting - Pitching for Appleton Foxes : RHP David Froelich
|
Batting: LHB Greg Smith
|
0-0: Called Strike 0-1: Ball 1-1: Foul Ball, location: 2F 1-2: Foul Ball, location: 2F 1-2: Hit by Pitch
|
Batting: RHB Barbaro Garbey
|
0-0: Ball 1-0: Fielders Choice at 2nd, 5-4 (Groundball, 5S, EV 86.9 MPH)
|
Batting: LHB Matt Hall
|
0-0: Ball 1-0: Called Strike 1-1: 2-RUN HOME RUN (Flyball, 7D, EV 103.8 MPH), Distance : 355 ft
|
Batting: RHB Darryl Motley
|
0-0: Ball 1-0: Foul Ball, location: 2F 1-1: Fly out, F8 (Flyball, 8RS, EV 72.5 MPH)
|
Batting: RHB Al Pedrique
|
0-0: Foul Ball, location: 2F 0-1: Ball 1-1: Swinging Strike 1-2: Ball 2-2: Foul Ball, location: 2F 2-2: Foul Ball, location: 2F 2-2: Fly out, F9 (Flyball, 89S, EV 90.6 MPH)
|
Top of the 4th over - 2 runs, 1 hit, 0 errors, 0 left on base; Wisconsin Rapids 4 - Appleton 0 |
BOTTOM OF THE 4TH |
Appleton Foxes batting - Pitching for Wisconsin Rapids Timber Rattlers : RHP Roger McDowell
|
Batting: RHB Randy Asadoor
|
0-0: Called Strike 0-1: Ball 1-1: Ball 2-1: Foul Ball, location: 2F 2-2: SINGLE (Groundball, 6MD, EV 96.9 MPH)
|
Batting: RHB George Hinshaw
|
0-0: Ground out 6-3 (Groundball, 6, EV 86.3 MPH) Randy Asadoor to second
|
Batting: RHB Victor Mata
|
0-0: Reached via error on a dropped throw from 1B, E1 (Groundball, 34, EV 107.5 MPH) Randy Asadoor to third
|
Batting: LHB John Csefalvay
|
0-0: Ball 1-0: Foul Ball, location: 2F 1-1: Foul Ball, location: 2F 1-2: Ball 2-2: Grounds into double play, 4-6-3 (Groundball, 4, EV 102.5 MPH)
|
Bottom of the 4th over - 0 runs, 1 hit, 1 error, 1 left on base; Wisconsin Rapids 4 - Appleton 0 |
TOP OF THE 5TH |
Wisconsin Rapids Timber Rattlers batting - Pitching for Appleton Foxes : RHP David Froelich
|
Batting: RHB Phil Lombardi
|
0-0: Ball 1-0: Foul Ball, location: 2F 1-1: Ball 2-1: Ball 3-1: Called Strike 3-2: Foul Ball, location: 2F 3-2: SINGLE (Flyball, 3D, EV 91.3 MPH)
|
Batting: RHB Tim Pyznarski
|
0-0: Bunt missed! 0-1: Ball 1-1: Bunt missed! 1-2: Foul Ball, location: 2F 1-2: Ball 2-2: Fly out, F3 (Popup, 34, EV 40.6 MPH)
|
Batting: RHB Jim Presley
|
0-0: Called Strike 0-1: Foul Ball, location: 2F 0-2: Ball 1-2: Foul Ball, location: 2F 1-2: Foul Ball, location: 2F 1-2: Fielders Choice at 2nd, 5-4 (Groundball, 56S, EV 84.4 MPH)
|
Batting: LHB Dion James
|
0-0: Foul Ball, location: 2F 0-1: Ball 1-1: Called Strike 1-2: Foul Ball, location: 2F 1-2: Foul Ball, location: 2F 1-2: Ball 2-2: Ball 3-2: SINGLE (Groundball, 56D, EV 105.0 MPH) Jim Presley to second Jim Presley to third
|
Batting: LHB Greg Smith
|
0-0: Ball 1-0: Ball 2-0: Fly out, F7 (Line Drive, 7D, EV 91.3 MPH)
|
Top of the 5th over - 0 runs, 2 hits, 0 errors, 2 left on base; Wisconsin Rapids 4 - Appleton 0 |
BOTTOM OF THE 5TH |
Appleton Foxes batting - Pitching for Wisconsin Rapids Timber Rattlers : RHP Roger McDowell
|
Batting: RHB Howard Lopes
|
0-0: SINGLE (Groundball, 5S, EV 68.1 MPH) (infield hit)
|
Batting: RHB Mike Nipper
|
0-0: Called Strike 0-1: Foul Ball, location: 2F 0-2: Ball 1-2: Ball 2-2: Ball 3-2: Foul Ball, location: 2F 3-2: Foul Ball, location: 2F 3-2: Strikes out swinging Howard Lopes is caught stealing 2nd base 2-4 Batter strikes out.
|
Batting: RHB Philip Sutton
|
0-0: Swinging Strike 0-1: Foul Ball, location: 2F 0-2: Strikes out swinging
|
Bottom of the 5th over - 0 runs, 1 hit, 0 errors, 0 left on base; Wisconsin Rapids 4 - Appleton 0 |
TOP OF THE 6TH |
Wisconsin Rapids Timber Rattlers batting - Pitching for Appleton Foxes : RHP David Froelich
|
Batting: RHB Barbaro Garbey
|
0-0: Called Strike 0-1: Called Strike 0-2: Foul Ball, location: 2F 0-2: Ball 1-2: Strikes out looking
|
Pitching: RHP George DeMaria
|
|
Batting: LHB Matt Hall
|
0-0: Ground out 6-3 (Groundball, 6, EV 97.5 MPH)
|
Batting: RHB Darryl Motley
|
0-0: Called Strike 0-1: Ball 1-1: Foul Ball, location: 2F 1-2: Ball 2-2: Foul Ball, location: 2F 2-2: Strikes out swinging
|
Top of the 6th over - 0 runs, 0 hits, 0 errors, 0 left on base; Wisconsin Rapids 4 - Appleton 0 |
BOTTOM OF THE 6TH |
Appleton Foxes batting - Pitching for Wisconsin Rapids Timber Rattlers : RHP Roger McDowell
|
Batting: LHB Mike Woodard
|
0-0: Ball 1-0: Ground out 6-3 (Groundball, 6S, EV 87.5 MPH)
|
Batting: SHB Matt Gallegos
|
0-0: Foul Ball, location: 2F 0-1: Ball 1-1: Called Strike 1-2: Ball 2-2: Ball 3-2: Ground out 1-3 (Groundball, 13S, EV 71.9 MPH)
|
Batting: RHB Randy Asadoor
|
0-0: Ball 1-0: Foul Ball, location: 2F 1-1: SINGLE (Groundball, 6S, EV 75.0 MPH) (infield hit)
|
Batting: RHB George Hinshaw
|
0-0: Foul Ball, location: 2F 0-1: Swinging Strike 0-2: Fly out, F9 (Flyball, 9S, EV 71.3 MPH)
|
Bottom of the 6th over - 0 runs, 1 hit, 0 errors, 1 left on base; Wisconsin Rapids 4 - Appleton 0 |
TOP OF THE 7TH |
Wisconsin Rapids Timber Rattlers batting - Pitching for Appleton Foxes : RHP George DeMaria
|
Batting: RHB Al Pedrique
|
0-0: Called Strike 0-1: Ball 1-1: Ground out U3 (Groundball, 34S, EV 79.4 MPH)
|
Batting: RHB Phil Lombardi
|
0-0: Ball 1-0: Ball 2-0: Foul Ball, location: 2F 2-1: Ball 3-1: Base on Balls
|
Batting: RHB Tim Pyznarski
|
0-0: Ball 1-0: Ball 2-0: Ball 3-0: Called Strike 3-1: Foul Ball, location: 2F 3-2: Base on Balls Phil Lombardi to second
|
Batting: RHB Jim Presley
|
0-0: Ball Wild Pitch! Phil Lombardi to third Tim Pyznarski to second 1-0: Ball 2-0: Ball 3-0: Base on Balls
|
Batting: LHB Dion James
|
0-0: Ball 1-0: SINGLE (Line Drive, 7S, EV 106.9 MPH) Phil Lombardi scores Tim Pyznarski to third Jim Presley to second
|
Batting: LHB Greg Smith
|
0-0: Foul Ball, location: 2F 0-1: Called Strike 0-2: Ball 1-2: Ball 2-2: Foul Ball, location: 2F 2-2: Ground out 6-3 (Groundball, 6MS, EV 88.1 MPH) Tim Pyznarski scores Jim Presley to third Dion James to second
|
Batting: RHB Barbaro Garbey
|
0-0: Ball 1-0: Ground out 3-1 (Groundball, 34, EV 97.5 MPH)
|
Top of the 7th over - 2 runs, 1 hit, 0 errors, 2 left on base; Wisconsin Rapids 6 - Appleton 0 |
BOTTOM OF THE 7TH |
Appleton Foxes batting - Pitching for Wisconsin Rapids Timber Rattlers : RHP Roger McDowell
|
Batting: RHB Victor Mata
|
0-0: Ball 1-0: Ball 2-0: Ground out 6-3 (Groundball, 6, EV 95.0 MPH)
|
Batting: LHB John Csefalvay
|
0-0: Ball 1-0: Swinging Strike 1-1: Called Strike 1-2: Fly out, F9 (Flyball, 9LM, EV 103.1 MPH)
|
Batting: RHB Howard Lopes
|
0-0: Ball 1-0: Called Strike 1-1: Ball 2-1: Fly out, F9 (Line Drive, 9, EV 91.9 MPH)
|
Bottom of the 7th over - 0 runs, 0 hits, 0 errors, 0 left on base; Wisconsin Rapids 6 - Appleton 0 |
TOP OF THE 8TH |
Wisconsin Rapids Timber Rattlers batting - Pitching for Appleton Foxes : RHP George DeMaria
|
Batting: LHB Matt Hall
|
0-0: Foul Ball, location: 2F 0-1: Ground out 5-3 (Groundball, 56S, EV 91.3 MPH)
|
Batting: RHB Darryl Motley
|
0-0: Called Strike 0-1: Foul Ball, location: 2F 0-2: Ground out 6-3 (Groundball, 6, EV 111.3 MPH)
|
Batting: RHB Al Pedrique
|
0-0: Ball 1-0: Foul Ball, location: 2F 1-1: SINGLE (Groundball, 6MD, EV 110.0 MPH)
|
Batting: RHB Phil Lombardi
|
0-0: Called Strike 0-1: Ball 1-1: Foul Ball, location: 2F 1-2: Ball 2-2: DOUBLE (Line Drive, 7LM, EV 105.6 MPH) Al Pedrique to third Runner from 3rd tries for Home, SAFE, throw by LF to home
|
Pinch Hitting: RHB Justin Andrews
|
0-0: Called Strike 0-1: Fly out, F9 (Line Drive, 9, EV 95.6 MPH)
|
Top of the 8th over - 1 run, 2 hits, 0 errors, 1 left on base; Wisconsin Rapids 7 - Appleton 0 |
BOTTOM OF THE 8TH |
Appleton Foxes batting - Pitching for Wisconsin Rapids Timber Rattlers : RHP Roger McDowell
|
Now at 3B: Richard Lane
|
|
Batting: RHB Mike Nipper
|
0-0: Ball 1-0: Called Strike 1-1: Swinging Strike 1-2: Ball 2-2: Ball 3-2: SOLO HOME RUN (Flyball, 7D, EV 93.1 MPH), Distance : 383 ft
|
Batting: RHB Philip Sutton
|
0-0: Called Strike 0-1: Foul Ball, location: 2F 0-2: Foul Ball, location: 2F 0-2: Ball 1-2: Fly out, F7 (Flyball, 78D, EV 94.4 MPH)
|
Batting: LHB Mike Woodard
|
0-0: Foul Ball, location: 2F 0-1: Ball 1-1: Ball 2-1: Foul Ball, location: 2F 2-2: Ball 3-2: Ground out 4-3 (Groundball, 34D, EV 109.4 MPH)
|
Batting: SHB Matt Gallegos
|
0-0: Swinging Strike 0-1: Ball 1-1: Ball 2-1: Called Strike 2-2: Strikes out swinging
|
Bottom of the 8th over - 1 run, 1 hit, 0 errors, 0 left on base; Wisconsin Rapids 7 - Appleton 1 |
TOP OF THE 9TH |
Wisconsin Rapids Timber Rattlers batting - Pitching for Appleton Foxes : RHP George DeMaria
|
Batting: RHB Jim Presley
|
0-0: Fly out, F9 (Flyball, 9D, EV 103.1 MPH)
|
Batting: LHB Dion James
|
0-0: Called Strike 0-1: Foul Ball, location: 2F 0-2: Foul Ball, location: 2F 0-2: Foul Ball, location: 2F 0-2: Foul Ball, location: 2F 0-2: Foul Ball, location: 2F 0-2: Ball 1-2: Foul Ball, location: 2F 1-2: Ball 2-2: Foul Ball, location: 2F 2-2: SINGLE (Line Drive, 9S, EV 86.3 MPH)
|
Batting: LHB Greg Smith
|
0-0: SINGLE (Line Drive, 7S, EV 107.5 MPH) Dion James to second
|
Batting: RHB Barbaro Garbey
|
0-0: Swinging Strike 0-1: Ball 1-1: Swinging Strike 1-2: Ball 2-2: Strikes out swinging
|
Batting: LHB Matt Hall
|
0-0: Ball 1-0: Foul Ball, location: 2F 1-1: DOUBLE (Line Drive, 89M, EV 96.3 MPH) Dion James scores Greg Smith to third Runner from 3rd tries for Home, SAFE, no throw by RF
|
Pinch Hitting: LHB Jerry George
|
0-0: Swinging Strike 0-1: Ball Wild Pitch! Matt Hall to third 1-1: Foul Ball, location: 2F 1-2: Foul Ball, location: 2F 1-2: Foul Ball, location: 2F 1-2: Strikes out swinging
|
Top of the 9th over - 2 runs, 3 hits, 0 errors, 1 left on base; Wisconsin Rapids 9 - Appleton 1 |
BOTTOM OF THE 9TH |
Appleton Foxes batting - Pitching for Wisconsin Rapids Timber Rattlers : RHP Roger McDowell
|
Pitching: RHP Thomas Banducci
|
|
Now in RF: Jerry George
|
|
Batting: RHB Randy Asadoor
|
0-0: Ball 1-0: Foul Ball, location: 2F 1-1: Ball 2-1: Ball 3-1: Fly out, F4 (Popup, 4M, EV 75.6 MPH)
|
Pinch Hitting: RHB Jack Upton
|
0-0: Ball 1-0: DOUBLE (Line Drive, 78D, EV 105.0 MPH)
|
Batting: RHB Victor Mata
|
0-0: DOUBLE (Flyball, 78D, EV 95.6 MPH) Jack Upton scores
|
Batting: LHB John Csefalvay
|
0-0: Called Strike 0-1: Ball 1-1: Called Strike 1-2: Fly out, F7 (Flyball, 7D, EV 96.3 MPH) Runner from 2nd tags up, SAFE at 3rd, no throw by LF
|
Batting: RHB Howard Lopes
|
0-0: Ball 1-0: Ball 2-0: Ball 3-0: Foul Ball, location: 2F 3-1: SINGLE (Line Drive, 89M, EV 110.0 MPH) Victor Mata scores
|
Batting: RHB Mike Nipper
|
0-0: Fly out, F9 (Flyball, 9LS, EV 91.3 MPH)
|
Bottom of the 9th over - 2 runs, 3 hits, 0 errors, 1 left on base; Wisconsin Rapids 9 - Appleton 3 |
|